 Dungeon Sprint DCSS version 0.27.1-1-g398f81649c (webtiles) character file.

Game seed: 17153317002125715424

1706 ugugthedestroyer the Blocker (level 8, -1/73 HPs)
             Began as a Demigod Fighter on Sept 7, 2021.
             Slain by an 11-headed hydra (13 damage)
             ... in the Dungeon (Sprint IX: "|||||||||||||||||||||||||||||").
             The game lasted 00:02:14 (683 turns).

ugugthedestroyer the Blocker (Demigod Fighter)       Turns: 683, Time: 00:02:16

Health: -1/73      AC: 17    Str: 25    XL:     8   Next: 45%
Magic:  10/10      EV:  8    Int: 13    God:
Gold:   0          SH: 12    Dex: 13    Spells: 7/7 levels left

rFire    . . .     SeeInvis .   f - +4 scimitar (freeze)
rCold    . . .     Faith    .   c - +0 kite shield
rNeg     . . .     Spirit   .   o - +0 plate armour
rPois    .         Reflect  .   n - +0 helmet
rElec    .         Harm     .   m - +0 cloak
rCorr    .         Rampage  .   (no gloves)
Will     .....     NoTele   +   (no boots)
Stlth    ..........             (no amulet)
HPRegen  0.22/turn              q - +2 ring of evasion
MPRegen  0.12/turn              p - +3 ring of intelligence

@: no status effects
A: high mp 1, forlorn
a: no special abilities


You were in the Dungeon.
You visited 1 branch

Inventory:

Hand Weapons
 a - a +0 long sword
 d - the +2 scimitar "Afaelaek" {freeze, rN+}
   (You found it in the Dungeon)

   It freezes those it strikes, dealing additional cold damage.
   It can also slow down cold-blooded creatures.
   rN:        It protects you from negative energy.
 f - a +4 scimitar of freezing (weapon)
Armour
 b - a +0 scale mail
 c - a +0 kite shield (worn)
 m - a +0 cloak (worn)
 n - a +0 helmet (worn)
 o - a +0 plate armour (worn)
Jewellery
 p - a +3 ring of intelligence (right hand)
 q - a +2 ring of evasion (left hand)
Wands
 l - a wand of acid (10)
Scrolls
 j - a scroll of blinking
 k - 2 scrolls of amnesia
Potions
 e - 4 potions of curing
 h - 4 potions of magic


   Skills:
 + Level 7.4 Fighting
 + Level 10.2 Long Blades
 + Level 9.4 Armour
 + Level 10.4 Shields


You had 7 spell levels left.
You didn't know any spells.
Your spell library was empty.

Dungeon Overview and Level Annotations

Branches:
Dungeon (1/1)


Innate Abilities, Weirdness & Mutations

Your attributes grow dramatically as you level up.
You have an increased reservoir of magic. (+10% MP)
You shall have no god before yourself.


Message History

The brown ugly thing is almost dead.
The brown ugly thing closely misses you.
You slash the brown ugly thing! You freeze the brown ugly thing.
You kill the brown ugly thing!
Your Long Blades skill increases to level 10!
Your Armour skill increases to level 9!
Your Shields skill increases to level 10!
You lop one of the eight-headed hydra's heads off!
The seven-headed hydra grows two more!
You slash the nine-headed hydra!
The nine-headed hydra seems to slow down.
You freeze the nine-headed hydra.
The nine-headed hydra is lightly wounded.
The nine-headed hydra bites you!
The nine-headed hydra bites you but does no damage.
The nine-headed hydra bites you.
The nine-headed hydra completely misses you.
You block the nine-headed hydra's attack.
The nine-headed hydra bites you!
You block the nine-headed hydra's attack. x2
The nine-headed hydra bites you but does no damage.
You lop one of the nine-headed hydra's heads off!
The eight-headed hydra grows two more!
You slash the ten-headed hydra!
The ten-headed hydra seems to slow down.
You freeze the ten-headed hydra.
The ten-headed hydra is lightly wounded.
Unknown command.
You chop one of the ten-headed hydra's heads off!
The nine-headed hydra grows two more!
You slash the 11-headed hydra!
The 11-headed hydra seems to slow down.
You freeze the 11-headed hydra.
The 11-headed hydra is lightly wounded.
The 11-headed hydra bites you!
* * * LOW HITPOINT WARNING * * *
The 11-headed hydra bites you but does no damage.
The 11-headed hydra closely misses you. You block the 11-headed hydra's attack.
The 11-headed hydra bites you.
* * * LOW HITPOINT WARNING * * *
You block the 11-headed hydra's attack.
The 11-headed hydra bites you but does no damage.
The 11-headed hydra bites you!
You die...

▓.▓
▓.▓
▓'▓
▓)▓
▓[▓
▓)▓
▓.▓
▓.▓
▓@▓
▓D▓
▓B▓
▓.▓
▓.▓
▓.▓
▓.▓
▓.▓
▓+▓


You could see a boulder beetle and a 11-headed hydra (slow).

Vanquished Creatures
  A two-headed ogre (D)
  An ugly thing (D)
  A gargoyle (D)
  A tengu conjurer (D)
  A vampire mosquito (D)
  A centaur (D)
  A killer bee (D)
  2 wights (D)
  A howler monkey (D)
  A hound (D)
  3 adders (D)
  2 bats (D)
  A bat skeleton (D)
  A hobgoblin (D)
  A ball python (D)
  A kobold (D)
20 creatures vanquished.

Notes
Turn   | Place    | Note
-------+----------+-------------------------------------------
     0 | D        | ugugthedestroyer the Demigod Fighter began the quest for
                  | the Orb.
     0 | D        | Reached XP level 1. HP: 18/18 MP: 3/3
    55 | D        | Noticed a hound
    68 | D        | Reached XP level 2. HP: 21/26 MP: 4/4
    75 | D        | Reached XP level 3. HP: 18/33 MP: 5/5
   296 | D        | Noticed a centaur
   296 | D        | Noticed a two-headed ogre
   303 | D        | Killed a two-headed ogre
   304 | D        | Reached XP level 4. HP: 10/44 MP: 6/6
   304 | D        | Reached XP level 5. HP: 11/50 MP: 7/7
   304 | D        | Reached XP level 6. HP: 13/57 MP: 8/8
   313 | D        | Reached XP level 7. HP: 42/64 MP: 9/9
   330 | D        | Got the +2 scimitar "Afaelaek" {freeze, rN+}
   345 | D        | Noticed a boulder beetle
   345 | D        | Noticed a brown ugly thing
   345 | D        | Noticed an eight-headed hydra
   345 | D        | Noticed a gargoyle
   345 | D        | Noticed a tengu conjurer
   348 | D        | Killed a gargoyle
   377 | D        | HP: 3/66 [tengu conjurer/bolt of lightning (16)]
   379 | D        | Killed a tengu conjurer
   380 | D        | Reached XP level 8. HP: 10/73 MP: 10/10
   680 | D        | Killed a brown ugly thing
   681 | D        | Reached skill level 10 in Long Blades
   681 | D        | Reached skill level 10 in Shields
   683 | D        | Slain by an 11-headed hydra

Illustrated notes

Levels and vault maps discovered:
D:        linesprint [early_d, line_temple, items_1, d_10, items_2, lair_1,
          lair_end, items_3, orc_1, orc_end, items_4, d_15, swamp_1, shoals_1,
          snake_1, spider_1, d_20, vaults_1, items_5, swamp_end, shoals_end,
          snake_end, spider_end, vaults_end, d_27, items_6, zot_1, zot_end,
          crypt_end, forest_end, elf_end, slime_end, tomb_end, abyss_end,
          pan_hell_end]

Skill      XL: |  1  2  3  4  5  6  7  8 |
---------------+-------------------------+-----
Long Blades    | 2 3 7 8 9 10 | 10.2
Armour         | 3 4 7 8 9 |  9.4
Fighting       | 3 4 6 7 |  7.4
Shields        | 3 4 7 8 9 10 | 10.4

Action                   |  1- 3 |  4- 6 |  7- 9 || total
-------------------------+-------+-------+-------++-------
Melee: Long sword        |    57 |     7 |     1 ||    65
       Scimitar          |       |       |    34 ||    34
  Use: Potion            |     5 |     1 |     2 ||     8
       Scroll            |       |       |     1 ||     1
 Stab: Invisible         |     1 |     2 |       ||     3
Armor: Scale mail        |    35 |       |       ||    35
       Plate armour      |       |       |    25 ||    25
Dodge: Dodged            |    21 |     2 |    13 ||    36
Block: Kite shield       |    42 |     5 |    31 ||    78
       Rpst.: Long sword |     8 |     1 |       ||     9
